 Dungeon Crawl Stone Soup version 0.30-a0-1094-g860fb061e7 (webtiles) character file.

Game seed: 12159277911384490992

36 Darkkill the Shooter (level 3, -5/31 HPs)
             Began as a Minotaur Hunter on Apr 17, 2023.
             Slain by a gnoll
             ... wielding a +0 flail
              (7 damage)
             ... on level 1 of the Dungeon.
             The game lasted 00:01:06 (664 turns).

Darkkill the Shooter (Minotaur Hunter)               Turns: 664, Time: 00:01:07

Health: -5/31      AC:  3    Str: 15    XL:     3   Next: 19%
Magic:  2/2        EV: 12    Int:  6    God:
Gold:   28         SH:  0    Dex: 15    Spells: 2/2 levels left

rFire   . . .      SeeInvis .    a - +0 shortbow
rCold   . . .      Faith    .    (shield currently unavailable)
rNeg    . . .      Spirit   .    c - +0 leather armour
rPois   .          Reflect  .    (helmet restricted)
rElec   .          Rampage  .    (no cloak)
rCorr   .                        (no gloves)
Will    .....                    (no boots)
Stlth   ++                       (no amulet)
HPRegen 0.25/turn                (no ring)
MPRegen 0.08/turn                (no ring)

@: no status effects
A: horns 2, retaliatory headbutt
a: no special abilities


You were on level 1 of the Dungeon.
You visited 1 branch of the dungeon, and saw 2 of its levels.

You collected 28 gold pieces.

Inventory:

Hand Weapons
 a - a +0 shortbow (weapon)
Missiles
 h - 13 stones
Armour
 c - a +0 leather armour (worn)
Scrolls
 b - a scroll of immolation
 e - a scroll of identify {@r1}
 g - a scroll of teleportation
Potions
 i - 2 potions of flight


   Skills:
 + Level 3.1 Fighting
 + Level 4.7 Ranged Weapons
 + Level 2.7 Dodging
 + Level 1.4 Stealth


You had 2 spell levels left.
You didn't know any spells.
Your spell library was empty.

Dungeon Overview and Level Annotations

Branches:
Dungeon (2/15)

Altars:

Shops:
D:1 (


Innate Abilities, Weirdness & Mutations

You have a pair of horns on your head.
You reflexively headbutt those who attack you in melee.


Message History

A goblin is nearby!
You shoot an arrow. The arrow hits the goblin.
You kill the goblin!
Things that are here:
a +0 club; a goblin corpse
g - 2 scrolls labelled OTOPPI MUUMN (gained 1)
Things that are here:
a +0 club; a goblin corpse
k - a scroll labelled NAM VUIREGA No target in view!
h - 13 stones (gained 5)
Things that are here:
a +0 dagger; a kobold corpse A kobold comes into view.
It is wielding a +0 club.
You shoot an arrow. The arrow hits the kobold!
You kill the kobold!
You see here a +0 club.
Found a ring mail.
No target in view!
Done exploring.
No target in view!
Done exploring.
No target in view!
Done exploring.
No target in view!
Done exploring.
As you read the scroll labelled EPRUIMERHU, it crumbles to dust.
It is a scroll of identify.
i - 2 potions of flight
As you read the scroll labelled VUDDUY JAMUA, it crumbles to dust.
You feel momentarily disoriented.
It was a scroll of magic mapping.
As you read the scroll labelled OTOPPI MUUMN, it crumbles to dust.
You feel strangely unstable.
It was a scroll of teleportation.
As you read the scroll labelled WUWEYVVU HAMM, it crumbles to dust.
You assume a fearsome visage.
Nothing appears to happen.
It was a scroll of fear.
Blink to where?
Press: ? - help, Dir - move target
As you read the scroll labelled NAM VUIREGA, it crumbles to dust.
It was a scroll of blinking.
Your surroundings suddenly seem different.
As you read the scroll of identify {@r1}, it crumbles to dust.
d - a potion of degeneration You drop a potion of degeneration.
There is a stone staircase leading down here.
You climb downwards.
The gnoll shouts!
Found 11 gold pieces.
There is a stone staircase leading up here.
You shoot an arrow. The arrow closely misses the gnoll.
The gnoll shouts!
There are monsters nearby!
There are monsters nearby!
You shoot an arrow. The arrow hits the gnoll.
The gnoll is moderately wounded.
A dart slug comes into view.
You shoot an arrow. The arrow barely misses the gnoll.
The gnoll closely misses you.
There are monsters nearby!
There are monsters nearby!
You shoot an arrow. The arrow hits the gnoll.
The gnoll is severely wounded.
The quokka barely misses you. You furiously retaliate!
You headbutt the quokka. The gnoll hits you with a +0 club.
You shoot an arrow. The arrow hits the gnoll.
The gnoll is almost dead.
The quokka bites you but does no damage.
The gnoll hits you but does no damage. The quokka bites you.
You shoot an arrow.
The arrow hits the gnoll but does no damage.
The gnoll is almost dead.
The gnoll barely misses you. You furiously retaliate!
You headbutt the gnoll. The gnoll misses you. The quokka barely misses you.
The gnoll barely misses you. The quokka barely misses you.
You furiously retaliate!
You headbutt the quokka. The gnoll hits you with a +0 flail!
Ouch! That really hurt!
* * * LOW HITPOINT WARNING * * *
The gnoll barely misses you.
You climb upwards.
There is a stone staircase leading down here.
You shoot an arrow. The arrow hits the quokka!
You kill the quokka!
The gnoll barely misses you.
You shoot an arrow. The arrow barely misses the gnoll.
The gnoll misses you. The gnoll hits you with a +0 club.
* * * LOW HITPOINT WARNING * * *
You shoot an arrow. The arrow hits the gnoll.
You kill the gnoll!
The gnoll closely misses you. The gnoll barely misses you.
You have reached level 3!
Your experience leads to an increase in your attributes!
Increase (S)trength, (I)ntelligence, or (D)exterity?
You feel agile. x2
You shoot an arrow. The arrow closely misses the gnoll.
The gnoll hits you with a +0 flail.
* * * LOW HITPOINT WARNING * * *
You shoot an arrow. The arrow barely misses the gnoll.
The gnoll hits you with a +0 flail!
You die...

#### ############## ##...
#............# ##..#.
#)##########.############ #...#.
#.# #..g@).......# #.#### #.#
#.######...#.###...#. #.# #.#
###.#.........#.
##.##########.####...#...........
......#....).........#....####..#
##.##.#.#####.###.#######.####..#
#.##.#.# ##.###....#..........#
#.##.#.####...###...#...#####.##
#.##................#.#.# #.#


You could see a gnoll.

Vanquished Creatures
  A gnoll (D:1)
  2 bats (D:1)
  An endoplasm (D:1)
  2 giant cockroaches (D:1)
  3 goblins (D:1)
  5 hobgoblins (D:1)
  3 quokkas (D:1)
  A ball python (D:1)
  A frilled lizard (D:1)
  3 kobolds (D:1)
  A rat (D:1)
23 creatures vanquished.

Notes
Turn   | Place    | Note
-------+----------+-------------------------------------------
     0 | D:1      | Darkkill the Minotaur Hunter began the quest for the Orb.
     0 | D:1      | Reached XP level 1. HP: 18/18 MP: 0/0
    38 | D:1      | Found Caoleulu's Antique Weapon Shop.
   111 | D:1      | Reached skill level 1 in Stealth
   143 | D:1      | Reached XP level 2. HP: 25/25 MP: 1/1
   661 | D:1      | HP: 3/26 [gnoll/+0 club (4)]
   663 | D:1      | Reached XP level 3. HP: 4/31 MP: 2/2
   664 | D:1      | Slain by a gnoll

Illustrated notes

Levels and vault maps discovered:
D:1:      minmay_arrival_semitransparent, layout_loops_ring, serial_shops, shop
D:2:      layout_rooms

Skill      XL: |  1  2 |
---------------+-------+-----
Stealth        | 1 |  1.4
Fighting       | 3 |  3.1
Ranged Weapons | |  4.7
Dodging        | |  2.7

Action                     || total
---------------------------++-------
   Fire: Shortbow          ||    58
    Use: Scroll            ||     6
 Armour: Leather armour    ||     4
  Dodge: Dodged            ||    20

Table legend: (Time is in decaauts)
 A = Elapsed time spent in this place.
 B = Non-inter-level travel time spent in this place.
 C = Inter-level travel time spent in this place.
 D = Time resting spent in this place.
 E = Time spent auto-exploring this place.
 F = Levels seen in this place.
 G = Mean time per level.
                   A        B        C        D        E       F      G
               +--------+--------+--------+--------+--------+-----+--------+
         Total |    681 |    642 |     39 |      0 |    525 |   2 |  340.5 |
       Dungeon |    681 |    642 |     39 |      0 |    525 |   2 |  340.5 |
               +--------+--------+--------+--------+--------+-----+--------+

Top non-repeatable levels by time:
     D:1: 672 daAuts
     D:2: 9 daAuts

Table legend:
 A = Kills in this place as a percentage of kills in the entire game.
 B = Kills by you in this place as a percentage of kills by you in the entire game.
 C = Kills by friends in this place as a percentage of kills by friends in the entire game.
 D = Other kills in this place as a percentage of other kills in the entire game.
 E = Experience gained in this place as a percentage of experience gained in the entire game.
 F = Experience gained in this place divided by the number of levels of this place that you have seen.
                   A       B       C       D       E      F
               +-------+-------+-------+-------+-------+----------------------
         Total | 100.0 | 100.0 |   N/A |   N/A | 100.0 |  26.0
       Dungeon | 100.0 | 100.0 |   N/A |   N/A | 100.0 |  26.0
               +-------+-------+-------+-------+-------+----------------------
